 Dungeon Crawl Stone Soup version 0.28-a0-21-gf74fda84f9 (webtiles) character file.

Game seed: 16123567587736336434

7 Spectrina the Magician (level 2, 0/23 HPs)
             Began as a Djinni Warper on July 26, 2021.
             Was a Believer of Ru.
             Slain by an orc (3 damage)
             ... on level 3 of the Dungeon.
             The game lasted 00:01:20 (152 turns).

Spectrina the Magician (Djinni Warper)               Turns: 152, Time: 00:01:21

Health: 0/23       AC:  3    Str: 10    XL:     2   Next: 10%
Gold:   9          EV: 11    Int: 14    God:    Ru [**....] SH:  0 Dex: 12

rFire   + + .      SeeInvis .   a - +0 mace
rCold   x . .      Faith    .   (no shield)
rNeg    . . .      Spirit   .   b - +0 leather armour
rPois   ∞          Reflect  .   (no helmet)
rElec   .          Harm     .   (no cloak)
rCorr   .          Rampage  .   (no gloves)
Will    .....                   (boots unavailable)
Stlth   +.........              (no amulet)
HPRegen 0.07/turn               (no ring)
MPRegen 0.00/turn               (no ring)

@: flying
A: sickness immunity, fire resistance 2, cold vulnerability 1, hated by all,
float, innate caster, hp casting, extra vitality 1
a: Renounce Religion


You were on level 3 of the Dungeon.
You worshipped Ru.
Ru was pleased with you.
You visited 1 branch of the dungeon, and saw 3 of its levels.

You collected 9 gold pieces.

Inventory:

Hand Weapons
 a - a +0 mace (weapon)
Missiles
 d - 5 boomerangs of dispersal (quivered)
 e - 12 stones
Armour
 b - a +0 leather armour (worn)
Scrolls
 c - 2 scrolls of blinking
 g - a scroll of immolation {unknown}
 i - a scroll of enchant armour {unknown}
Potions
 f - a potion of haste {unknown}
 h - a potion of invisibility {unknown}


   Skills:
 - Level 2.0 Fighting
 - Level 1.5 Maces & Flails
 - Level 0.7 Throwing
 - Level 1.0 Armour
 - Level 2.1 Dodging
 + Level 2.8 Spellcasting


You couldn't memorise any spells.
You knew the following spells:

 Your Spells              Type           Power      Damage    Failure   Level
a - Blink                 Tloc           N/A        N/A       14%         2
b - Lesser Beckoning      Tloc           4%         N/A       28%         3
c - Gell's Gravitas       Tloc           4%         N/A       28%         3
d - Teleport Other        Tloc           9%         N/A       28%         3
e - Manifold Assault      Tloc           9%         N/A       95%         5
Your spell library was empty.

Dungeon Overview and Level Annotations

Branches:
Dungeon (3/15)

Altars:
Okawaru
Ru


Innate Abilities, Weirdness & Mutations

You are immune to sickness and miasma.
You are immune to poison.
Your flesh is very heat resistant. (rF++)
You are vulnerable to cold. (rC-)
You are hated by all.
You float through the air rather than walking.
You learn spells naturally, not from books.
Your magical power is your life essence.
You have superior vitality. (+4 HP)


Message History

You hit the kobold.
The kobold is severely wounded.
The kobold hits you with a +0 dagger.
You focus your inner power and illuminate the kobold in retribution!
You hit the kobold.
You kill the kobold!
Found a stone staircase leading down.
Things that are here:
a +0 dagger; a kobold corpse You now have 9 gold pieces.
There is a stone staircase leading down here.
You fly downwards.
There is a stone staircase leading up here.
Unknown command.
Found a scroll labelled ETOEWOETTO.
i - a scroll labelled ETOEWOETTO
Found a scroll of blinking.
c - 2 scrolls of blinking (gained 1)
An orc comes into view. It is wielding a +0 club.
Found an iron altar of Okawaru.
You barely miss the orc. The orc hits you with a +0 club. x2
You hit the orc but do no damage. The orc closely misses you.
You barely miss the orc. The orc hits you with a +0 club.
* * * LOW HITPOINT WARNING * * *
You hit the orc.
The orc is moderately wounded.
The orc hits you with a +0 club.
* * * LOW HITPOINT WARNING * * *
The orc hits you with a +0 club.
* * * LOW HITPOINT WARNING * * *
You hit the orc but do no damage.
The orc is moderately wounded.
The orc barely misses you.
You barely miss the orc.
The orc is moderately wounded.
The orc closely misses you.
You closely miss the orc.
The orc is moderately wounded.
The orc hits you with a +0 club.
You die...

#..........#
#.###.######
#.# #.....#
###.###.###.#
# #.....<.#
##.###.#######
#..........#
#.###.P._.P.#
#..@....#
#..o#####
#...# ###.#
... ###


You could see an orc.

Vanquished Creatures
  A ball python (D:1)
  2 endoplasms
  A goblin (D:1)
  A bat (D:1)
  A kobold (D:2)
  A rat (D:1)
7 creatures vanquished.

Notes
Turn   | Place    | Note
-------+----------+-------------------------------------------
     0 | D:1      | Spectrina the Djinni Warper began the quest for the Orb.
     0 | D:1      | Reached XP level 1. HP: 18/18 MP: 0/0
    37 | D:1      | Found a faded altar of an unknown god.
    50 | D:1      | Became a worshipper of Ru the Awakened
    67 | D:1      | Gained mutation: You are hated by all. [Ru sacrifice]
    67 | D:1      | Reached * piety under Ru
    67 | D:1      | Reached ** piety under Ru
   103 | D:2      | Reached XP level 2. HP: 10/23 MP: 0/0
   142 | D:3      | Found an iron altar of Okawaru.
   152 | D:3      | Slain by an orc

Illustrated notes

Levels and vault maps discovered:
D:1:      roderic_crop_circles_arrival_small, layout_loops_ring,
          ebering_ecumenical_altar_ruins
D:2:      layout_basic, basic_altar, uniq_robin
D:3:      minmay_inner_zag, layout_loops_ring, mainiacjoe_overflow_tiny_flanked,
          minmay_ogre_servants

Action                   || total
-------------------------++-------
Melee: Mace              ||    26
Invok: Sacrifice Love    ||     1
 Stab: Sleeping          ||     1
Armor: Leather armour    ||    10
Dodge: Dodged            ||    17

Table legend: (Time is in decaauts)
 A = Elapsed time spent in this place.
 B = Non-inter-level travel time spent in this place.
 C = Inter-level travel time spent in this place.
 D = Time resting spent in this place.
 E = Time spent auto-exploring this place.
 F = Levels seen in this place.
 G = Mean time per level.
                   A        B        C        D        E       F      G
               +--------+--------+--------+--------+--------+-----+--------+
         Total |    159 |    159 |      0 |      0 |      0 |   3 |   53.0 |
       Dungeon |    159 |    159 |      0 |      0 |      0 |   3 |   53.0 |
               +--------+--------+--------+--------+--------+-----+--------+

Top non-repeatable levels by time:
     D:1: 101 daAuts
     D:2: 31 daAuts
     D:3: 26 daAuts
